WCHLSIM.com - West Coast Hockey League
html PUBLIC "-//W3C//DTD XHTML 1.0 Transitional//EN" "http://www.w3.org/TR/xhtml1/DTD/xhtml1-transitional.dtd"> WCHL - Game 13 - LAS VEGAS LIZARD KINGS vs SPOKANE KNIGHTS

LAS VEGAS LIZARD KINGS vs SPOKANE KNIGHTS

Created - 27 mai 2021 at 21:03

Goals
1 2 3 T
LAS VEGAS LIZARD KINGS 0 2 0 2
SPOKANE KNIGHTS 0 0 0 0
Shots
1 2 3 T
LAS VEGAS LIZARD KINGS 7 15 3 25
SPOKANE KNIGHTS 4 8 12 24

1st period

No Goal

Penalties :
Nick Foligno (SPO) for Roughing (Minor) at 16:00

2nd period

1. LAS VEGAS LIZARD KINGS , Ryan Nugent-Hopkins 1 (Johnny Gaudreau 1) at 13:36
2. LAS VEGAS LIZARD KINGS , Ryan Nugent-Hopkins 2 (Johnny Gaudreau 2) at 13:46

Penalties :
Matthew Tkachuk (SPO) for Interference (Minor) at 16:08, Brayden McNabb (LVG) for Roughing (Minor) at 16:08, Nino Niederreiter (LVG) for Hooking (Minor) at 18:09

3rd period

No Goal

Penalties :
Brayden McNabb (LVG) for Roughing (Minor) at 4:35, Jared Spurgeon (SPO) for Holding (Minor) at 7:22, Ryan Nugent-Hopkins (LVG) for Holding (Minor) at 7:22, Nick Foligno (SPO) for Hooking (Minor) at 11:27, Nino Niederreiter (LVG) for Tripping (Minor) at 11:27, Matthew Tkachuk (SPO) for Interference (Minor) at 17:10

Goalie Stats

Marc-Andre Fleury (LVG), 24 saves from 24 shots - (1,000), W, 1-1-0, 60:00 minutes
Frederik Andersen (SPO), 23 saves from 25 shots - (0,920), L, 1-1-0, 60:00 minutes

Players Stats for LAS VEGAS LIZARD KINGS

Player Name              G  A  P  +/- PIM S  H  SB GA TA FO     MP     PP MP  PK MP  
------------------------------------------------------------------------------------
Barclay Goodrow          0  0  0   0  0   1  1  0  0  0  4/10   20:02   1:31   2:00 
Brayden McNabb           0  0  0   2  4   0  1  1  0  0  0/0    21:27   0:00   0:49 
Derek Ryan               0  0  0   0  0   0  0  1  0  0  2/4    10:12   0:00   0:00 
Drake Caggiula           0  0  0   0  0   1  0  1  0  0  0/0    10:12   0:00   0:00 
Dylan Gambrell           0  0  0   0  0   1  2  0  0  0  0/0     8:57   0:00   2:03 
Evan Rodrigues           0  0  0   0  0   0  0  0  0  0  3/7     6:54   0:00   0:00 
Jeff Skinner             0  0  0   0  0   0  0  1  0  0  0/0    10:12   0:00   0:00 
John Marino              0  0  0   0  0   0  5  2  0  0  0/0    22:19   2:27   1:50 
Johnny Gaudreau          0  2  2   2  0   5  0  0  0  0  0/1    20:31   2:27   0:00 
Matt Niskanen            0  0  0   2  0   2  1  1  0  0  0/0    24:29   1:31   2:41 
Matt Roy                 0  0  0   0  0   0  0  2  0  0  0/0    14:53   1:31   0:00 
Nick Leddy               0  0  0   0  0   0  3  0  0  0  0/0    20:30   2:27   0:02 
Nino Niederreiter        0  0  0   0  4   3  0  0  0  0  1/1    19:11   1:31   1:16 
Olli Maatta              0  0  0   0  0   0  1  5  0  0  0/0    16:20   0:00   2:34 
Ryan Nugent-Hopkins      2  0  2   2  2   5  2  0  0  0  11/18  19:25   2:27   0:00 
Sean Monahan             0  0  0   0  0   5  1  0  0  0  10/22  20:38   2:27   0:58 
Victor Olofsson          0  0  0   2  0   1  0  0  0  0  0/2    15:15   1:31   0:00 
Zemgus Girgensons        0  0  0   0  0   1  0  0  0  0  0/0     8:33   0:00   1:39 

Players Stats for SPOKANE KNIGHTS

Player Name              G  A  P  +/- PIM S  H  SB GA TA FO     MP     PP MP  PK MP  
------------------------------------------------------------------------------------
Bryan Rust               0  0  0   0  0   2  0  0  0  0  0/1    21:33   1:58   1:12 
Cale Makar               0  0  0   0  0   0  4  1  0  0  0/0    20:22   1:23   0:27 
Duncan Keith             0  0  0  -2  0   2  0  1  0  0  0/0    20:59   1:23   1:31 
Garnet Hathaway          0  0  0   0  0   0  0  0  0  0  0/0     2:09   2:00   0:00 
Jared Spurgeon           0  0  0   0  2   0  1  0  0  0  0/0    22:35   0:00   2:27 
Jordan Weal              0  0  0  -2  0   1  0  0  0  0  2/2    15:41   0:00   1:51 
Justin Abdelkader        0  0  0   0  0   0  0  0  0  0  0/0     8:47   0:00   0:00 
Mario Ferraro            0  0  0   0  0   0  0  0  0  0  0/0     3:15   0:00   0:00 
Matthew Tkachuk          0  0  0   0  4   3  1  0  0  0  0/2    17:08   2:00   0:00 
Nick Foligno             0  0  0   0  4   2  2  0  0  0  0/0    16:18   0:00   0:17 
Patrice Bergeron         0  0  0   0  0   3  1  0  0  0  12/21  21:37   1:58   1:16 
Patrick Kane             0  0  0  -2  0   3  1  0  0  0  0/1    19:30   1:58   0:00 
Paul Stastny             0  0  0   0  0   4  0  1  0  0  14/20  20:33   0:00   1:40 
Roman Polak              0  0  0   0  0   0  1  0  0  0  0/0    13:49   0:00   1:04 
Sebastian Aho            0  0  0  -2  0   3  0  0  0  0  5/12   19:56   2:35   0:00 
Tyler Pitlick            0  0  0   0  0   0  1  0  0  0  0/4     5:01   2:00   0:00 
Valeri Nichushkin        0  0  0   0  0   0  1  0  0  0  1/2    17:40   0:00   1:40 
Victor Hedman            0  0  0  -2  0   1  1  2  0  0  0/0    23:07   2:35   2:27 

3 Stars

1 - Marc-Andre Fleury (LVG)
2 - Ryan Nugent-Hopkins (LVG)
3 - Johnny Gaudreau (LVG)

Power Play

LAS VEGAS LIZARD KINGS - 0 on 2 Attempt(s) - 0,00%
SPOKANE KNIGHTS - 0 on 2 Attempt(s) - 0,00%

Penalty Kill

LAS VEGAS LIZARD KINGS - 2 on 2 Attempt(s) - 100,00% - Score 0 goal in Penalty Kill
SPOKANE KNIGHTS - 2 on 2 Attempt(s) - 100,00% - Score 0 goal in Penalty Kill

Team Stat

LAS VEGAS LIZARD KINGS - Hits : 17 - Faceoff Wins : 31 - Blocked Shots : 14 - Penalty Minutes : 10
SPOKANE KNIGHTS - Hits : 14 - Faceoff Wins : 34 - Blocked Shots : 5 - Penalty Minutes : 10

Official

Referees : Brad Meier and Dan Kelly
Linesman : Bevan Mills and Ryan Gibbons

Game Notes

No Game Note

Finance

Level 1 -- Attendance: 7511 (89,95%) -- Ticket Income 1 239 315 $
Level 2 -- Attendance: 5845 (95,82%) -- Ticket Income 701 400 $
Level 3 -- Attendance: 2394 (99,75%) -- Ticket Income 251 370 $
Level 4 -- Attendance: 5786 (96,43%) -- Ticket Income 370 304 $
Luxury Box -- Attendance: 1077 (93,65%) -- Ticket Income 350 025 $
Total Attendance: 22613 (94,22%)
Total Ticket Income: 2 912 414 $
Other Expense: 29 124 $
Total Income: 2 883 290 $

LAS VEGAS LIZARD KINGS

5 vs 5 Forward 
   Center                   Left Wing                Right Wing               Time % Phy DF OF 
 1 Ryan Nugent-Hopkins      Johnny Gaudreau          Victor Olofsson          40     0   1  4  
 2 Sean Monahan             Barclay Goodrow          Nino Niederreiter        39     0   2  3  
 3 Derek Ryan               Jeff Skinner             Drake Caggiula           16     0   3  2  
 4 Evan Rodrigues           Zemgus Girgensons        Dylan Gambrell           5      0   4  1  

5 vs 5 Defense 
   Defense                  Defense                                           Time % Phy DF OF 
 1 Matt Niskanen            Brayden McNabb                                    45     0   2  3  
 2 Nick Leddy               John Marino                                       35     0   2  3  
 3 Matt Roy                 Olli Maatta                                       20     1   2  2  
 4 Matt Niskanen            John Marino                                       0      1   2  2  

PowerPlay Forward 
   Center                   Left Wing                Right Wing               Time % Phy DF OF 
 1 Sean Monahan             Johnny Gaudreau          Ryan Nugent-Hopkins      80     0   0  5  
 2 Barclay Goodrow          Victor Olofsson          Nino Niederreiter        20     0   1  4  

PowerPlay Defense
   Defense                  Defense                                           Time % Phy DF OF 
 1 Nick Leddy               John Marino                                       80     0   0  5  
 2 Matt Niskanen            Matt Roy                                          20     0   1  4  

Penalty Kill 4 Players Forward 
   Center                   Wing                     Time % Phy DF OF 
 1 Barclay Goodrow          Nino Niederreiter        70     0   5  0  
 2 Derek Ryan               Dylan Gambrell           30     0   5  0  

Penalty Kill 4 Players Defense
   Defense                  Defense                  Time % Phy DF OF 
 1 Olli Maatta              Brayden McNabb           65     0   5  0  
 2 Matt Niskanen            John Marino              35     0   5  0  

Penalty Kill - 3 Players Forward 
   Forward                                           Time % Phy DF OF 
 1 Barclay Goodrow                                   55     1   4  0  
 2 Derek Ryan                                        45     1   4  0  

Penalty Kill - 3 Players Defense
   Defense                  Defense                  Time % Phy DF OF 
 1 Nick Leddy               Brayden McNabb           55     1   2  2  
 2 Matt Roy                 Olli Maatta              45     1   2  2  

4 vs 4 Forward 
   Center                   Wing                     Time % Phy DF OF 
 1 Ryan Nugent-Hopkins      Johnny Gaudreau          55     0   1  4  
 2 Sean Monahan             Nino Niederreiter        45     0   3  2  

4 vs 4 Defense
   Defense                  Defense                  Time % Phy DF OF 
 1 Matt Niskanen            Brayden McNabb           55     1   2  2  
 2 Nick Leddy               John Marino              45     1   2  2  

Last Minutes Offensive
   Center                   Left Wing                Right Wing               Defense                  Defense                  
   Ryan Nugent-Hopkins      Johnny Gaudreau          Victor Olofsson          Matt Niskanen            John Marino              

Last Minutes Defensive
   Center                   Left Wing                Right Wing               Defense                  Defense                  
   Barclay Goodrow          Ryan Nugent-Hopkins      Nino Niederreiter        John Marino              Brayden McNabb           

Goaltenders
Starting : Marc-Andre Fleury        
Backup : Alex Stalock             

Extra Forwards
Normal : Sean Monahan, Ryan Nugent-Hopkins, Barclay Goodrow - PP : Barclay Goodrow, Derek Ryan - PK : Dylan Gambrell
Extra Defensemen
Normal : Matt Roy, Nick Leddy, Olli Maatta - PP : Matt Roy - PK : Matt Niskanen, Olli Maatta
Penalty Shots
Johnny Gaudreau, Sean Monahan, Ryan Nugent-Hopkins, Jeff Skinner, Nino Niederreiter
Custom OT Lines Forwards
Ryan Nugent-Hopkins, Johnny Gaudreau, Sean Monahan, Barclay Goodrow, Victor Olofsson, Nino Niederreiter, Drake Caggiula, Derek Ryan, Dylan Gambrell, Jeff Skinner
Custom OT Lines Defensemen
Matt Niskanen, Brayden McNabb, John Marino, Olli Maatta, Matt Roy

Scratches
Bobby Ryan (Unknown)

SPOKANE KNIGHTS

5 vs 5 Forward 
   Center                   Left Wing                Right Wing               Time % Phy DF OF 
 1 Patrice Bergeron         Matthew Tkachuk          Bryan Rust               33     1   1  3  
 2 Sebastian Aho            Jordan Weal              Patrick Kane             33     1   1  3  
 3 Paul Stastny             Justin Abdelkader        Valeri Nichushkin        19     1   2  2  
 4 Paul Stastny             Nick Foligno             Valeri Nichushkin        15     1   2  2  

5 vs 5 Defense 
   Defense                  Defense                                           Time % Phy DF OF 
 1 Victor Hedman            Duncan Keith                                      35     1   2  2  
 2 Cale Makar               Jared Spurgeon                                    30     1   2  2  
 3 Nick Foligno             Roman Polak                                       20     1   2  2  
 4 Cale Makar               Jared Spurgeon                                    15     1   2  2  

PowerPlay Forward 
   Center                   Left Wing                Right Wing               Time % Phy DF OF 
 1 Patrice Bergeron         Bryan Rust               Patrick Kane             60     1   1  3  
 2 Tyler Pitlick            Matthew Tkachuk          Garnet Hathaway          40     1   1  3  

PowerPlay Defense
   Defense                  Defense                                           Time % Phy DF OF 
 1 Sebastian Aho            Victor Hedman                                     60     0   1  4  
 2 Cale Makar               Duncan Keith                                      40     0   1  4  

Penalty Kill 4 Players Forward 
   Center                   Wing                     Time % Phy DF OF 
 1 Paul Stastny             Valeri Nichushkin        60     1   3  1  
 2 Nick Foligno             Jordan Weal              40     1   3  1  

Penalty Kill 4 Players Defense
   Defense                  Defense                  Time % Phy DF OF 
 1 Roman Polak              Duncan Keith             60     1   3  1  
 2 Victor Hedman            Jared Spurgeon           40     1   3  1  

Penalty Kill - 3 Players Forward 
   Forward                                           Time % Phy DF OF 
 1 Patrice Bergeron                                  60     0   5  0  
 2 Paul Stastny                                      40     0   5  0  

Penalty Kill - 3 Players Defense
   Defense                  Defense                  Time % Phy DF OF 
 1 Duncan Keith             Victor Hedman            60     0   5  0  
 2 Sebastian Aho            Jared Spurgeon           40     0   5  0  

4 vs 4 Forward 
   Center                   Wing                     Time % Phy DF OF 
 1 Patrice Bergeron         Bryan Rust               50     1   2  2  
 2 Paul Stastny             Patrick Kane             50     1   2  2  

4 vs 4 Defense
   Defense                  Defense                  Time % Phy DF OF 
 1 Duncan Keith             Victor Hedman            60     1   2  2  
 2 Jared Spurgeon           Sebastian Aho            40     1   2  2  

Last Minutes Offensive
   Center                   Left Wing                Right Wing               Defense                  Defense                  
   Patrice Bergeron         Bryan Rust               Patrick Kane             Sebastian Aho            Victor Hedman            

Last Minutes Defensive
   Center                   Left Wing                Right Wing               Defense                  Defense                  
   Patrice Bergeron         Paul Stastny             Sebastian Aho            Duncan Keith             Victor Hedman            

Goaltenders
Starting : Frederik Andersen        
Backup : Mike Smith               

Extra Forwards
Normal : Jordan Weal, Tyler Pitlick, Garnet Hathaway - PP : Patrick Kane, Jordan Weal - PK : Jordan Weal
Extra Defensemen
Normal : Mario Ferraro, Roman Polak, Jared Spurgeon - PP : Jared Spurgeon - PK : Cale Makar, Mario Ferraro
Penalty Shots
Patrice Bergeron, Patrick Kane, Sebastian Aho, Matthew Tkachuk, Paul Stastny
Custom OT Lines Forwards
Patrice Bergeron, Bryan Rust, Sebastian Aho, Patrick Kane, Paul Stastny, Matthew Tkachuk, Nick Foligno, Valeri Nichushkin, Jordan Weal, Justin Abdelkader
Custom OT Lines Defensemen
Victor Hedman, Duncan Keith, Cale Makar, Jared Spurgeon, Roman Polak

Scratches
Dan Hamhuis (Healthy), Gaetan Haas (Healthy)

% Time on Ice - LAS VEGAS LIZARD KINGS

Lines # - Real PCT - Wanted PCT - Time Play
Normal Forward
1 - 30% - 40% - 13:44
2 - 33% - 39% - 15:17
3 - 22% - 16% - 10:12
4 - 15% - 5% - 6:54
Normal Defense
1 - 39% - 45% - 17:56
2 - 33% - 35% - 15:15
3 - 28% - 20% - 12:56
4 - 0% - 0% - 0:00
PP Forward
1 - 62% - 80% - 2:27
2 - 38% - 20% - 1:31
PP Defense
1 - 62% - 80% - 2:27
2 - 38% - 20% - 1:31
PK Forward
1 - 100% - 70% - 3:58
2 - 0% - 30% - 0:00
PK Defense
1 - 71% - 65% - 2:48
2 - 29% - 35% - 1:10
PK3 Forward
1 - 0% - 55%
2 - 0% - 45%
PK3 Defense
1 - 0% - 55%
2 - 0% - 45%
44 Forward
1 - 86% - 55% - 5:06
2 - 14% - 45% - 0:51
44 Defense
1 - 64% - 55% - 3:48
2 - 36% - 45% - 2:09
Last Minute Offensive  - 0:00
Last Minute Defensive  - 0:00
Total
Forward - 60:00
Defense - 60:00

% Time on Ice - SPOKANE KNIGHTS

Lines # - Real PCT - Wanted PCT - Time Play
Normal Forward
1 - 33% - 33% - 15:10
2 - 32% - 33% - 14:48
3 - 19% - 19% - 8:47
4 - 16% - 15% - 7:22
Normal Defense
1 - 32% - 35% - 14:41
2 - 30% - 30% - 13:42
3 - 28% - 20% - 12:45
4 - 11% - 15% - 4:59
PP Forward
1 - 50% - 60% - 1:58
2 - 50% - 40% - 2:00
PP Defense
1 - 65% - 60% - 2:35
2 - 35% - 40% - 1:23
PK Forward
1 - 72% - 60% - 2:52
2 - 28% - 40% - 1:06
PK Defense
1 - 38% - 60% - 1:31
2 - 62% - 40% - 2:27
PK3 Forward
1 - 0% - 60%
2 - 0% - 40%
PK3 Defense
1 - 0% - 60%
2 - 0% - 40%
44 Forward
1 - 54% - 50% - 3:13
2 - 46% - 50% - 2:44
44 Defense
1 - 57% - 60% - 3:24
2 - 43% - 40% - 2:33
Last Minute Offensive  - 0:00
Last Minute Defensive  - 0:00
Total
Forward - 60:00
Defense - 60:00

Play-by-Play

1st period


0:01 of 1st period - Ryan Nugent-Hopkins wins face-off versus Patrice Bergeron in neutral zone.
0:18 of 1st period - Shot by Bryan Rust.
0:18 of 1st period - Stopped by Marc-Andre Fleury without a rebound.
0:19 of 1st period - Sebastian Aho wins face-off versus Sean Monahan in LAS VEGAS LIZARD KINGS zone.
0:36 of 1st period - Shot by Patrick Kane.
0:36 of 1st period - Stopped by Marc-Andre Fleury without a rebound.
0:37 of 1st period - Paul Stastny wins face-off versus Derek Ryan in LAS VEGAS LIZARD KINGS zone.
2:06 of 1st period - Sean Monahan is hit by Cale Makar.
3:06 of 1st period - Icing by John Marino.
3:07 of 1st period - Paul Stastny wins face-off versus Victor Olofsson in LAS VEGAS LIZARD KINGS zone.
3:26 of 1st period - Shot by Paul Stastny.
3:26 of 1st period - Shot Misses the Net.
3:42 of 1st period - Shot by Paul Stastny.
3:42 of 1st period - Shot Blocked by John Marino.
3:56 of 1st period - Patrice Bergeron is hit by Ryan Nugent-Hopkins and loses puck.
4:11 of 1st period - Shot by Patrice Bergeron.
4:11 of 1st period - Shot Misses the Net.
4:18 of 1st period - Icing by Matt Niskanen.
4:19 of 1st period - Evan Rodrigues wins face-off versus Sebastian Aho in LAS VEGAS LIZARD KINGS zone.
4:24 of 1st period - Shot by Sebastian Aho.
4:24 of 1st period - Shot Blocked by Matt Niskanen.
4:28 of 1st period - Shot by Patrick Kane.
4:28 of 1st period - Shot Misses the Net.
4:40 of 1st period - Shot by Patrick Kane.
4:40 of 1st period - Shot Misses the Net.
5:34 of 1st period - Shot by Patrice Bergeron.
5:34 of 1st period - Deflect By Matthew Tkachuk.
5:34 of 1st period - Stopped by Marc-Andre Fleury with a rebound.
5:52 of 1st period - Shot by Patrice Bergeron.
5:52 of 1st period - Shot Blocked by Olli Maatta.
5:54 of 1st period - Shot by Duncan Keith.
5:54 of 1st period - Shot Blocked by Matt Roy.
5:56 of 1st period - Shot by Bryan Rust.
5:56 of 1st period - Shot Blocked by Olli Maatta.
6:17 of 1st period - Shot by Paul Stastny.
6:17 of 1st period - Shot Misses the Net.
6:46 of 1st period - Johnny Gaudreau is hit by Nick Foligno.
7:38 of 1st period - Jeff Skinner is hit by Nick Foligno and loses puck.
8:21 of 1st period - Shot by Cale Makar.
8:21 of 1st period - Shot Misses the Net.
8:47 of 1st period - Shot by Sebastian Aho.
8:47 of 1st period - Shot Misses the Net.
9:06 of 1st period - Johnny Gaudreau is hit by Jared Spurgeon and loses puck.
10:34 of 1st period - Shot by Bryan Rust.
10:34 of 1st period - Deflect By Patrice Bergeron.
10:34 of 1st period - Shot Blocked by Drake Caggiula.
10:36 of 1st period - Shot by Bryan Rust.
10:36 of 1st period - Shot Misses the Net.
10:38 of 1st period - Shot by Patrice Bergeron.
10:38 of 1st period - Shot Misses the Net.
11:20 of 1st period - Off-side.
11:21 of 1st period - Paul Stastny wins face-off versus Evan Rodrigues in neutral zone.
11:29 of 1st period - Valeri Nichushkin is hit by Dylan Gambrell and loses puck.
11:44 of 1st period - Shot by Dylan Gambrell.
11:44 of 1st period - Stopped by Frederik Andersen without a rebound.
11:45 of 1st period - Sean Monahan wins face-off versus Sebastian Aho in SPOKANE KNIGHTS zone.
11:58 of 1st period - Shot by Matt Niskanen.
11:58 of 1st period - Stopped by Frederik Andersen without a rebound.
11:59 of 1st period - Patrice Bergeron wins face-off versus Ryan Nugent-Hopkins in SPOKANE KNIGHTS zone.
12:13 of 1st period - Shot by Victor Olofsson.
12:13 of 1st period - Stopped by Frederik Andersen with a rebound.
13:08 of 1st period - Shot by Barclay Goodrow.
13:08 of 1st period - Stopped by Frederik Andersen with a rebound.
13:22 of 1st period - Shot by Barclay Goodrow.
13:22 of 1st period - Deflect By Nino Niederreiter.
13:22 of 1st period - Shot Misses the Net.
13:24 of 1st period - Shot by Nino Niederreiter.
13:24 of 1st period - Stopped by Frederik Andersen without a rebound.
13:25 of 1st period - Derek Ryan wins face-off versus Paul Stastny in SPOKANE KNIGHTS zone.
14:33 of 1st period - Shot by Patrice Bergeron.
14:33 of 1st period - Shot Misses the Net.
14:35 of 1st period - Shot by Patrice Bergeron.
14:35 of 1st period - Shot Blocked by Jeff Skinner.
14:55 of 1st period - Shot by Patrice Bergeron.
14:55 of 1st period - Shot Misses the Net.
15:11 of 1st period - Shot by Patrick Kane.
15:11 of 1st period - Stopped by Marc-Andre Fleury without a rebound.
15:12 of 1st period - Sebastian Aho wins face-off versus Sean Monahan in LAS VEGAS LIZARD KINGS zone.
15:35 of 1st period - Shot by Barclay Goodrow.
15:35 of 1st period - Shot Blocked by Duncan Keith.
15:47 of 1st period - Shot by Sean Monahan.
15:47 of 1st period - Shot Blocked by Victor Hedman.
15:49 of 1st period - Shot by Brayden McNabb.
15:49 of 1st period - Shot Misses the Net.
15:51 of 1st period - Shot by Matt Niskanen.
15:51 of 1st period - Stopped by Frederik Andersen without a rebound.
15:52 of 1st period - Paul Stastny wins face-off versus Ryan Nugent-Hopkins in SPOKANE KNIGHTS zone.
16:00 of 1st period - Minor Penalty to Nick Foligno for Roughing.
16:01 of 1st period - Sean Monahan wins face-off versus Valeri Nichushkin in SPOKANE KNIGHTS zone.
16:04 of 1st period - Shot by Johnny Gaudreau.
16:04 of 1st period - Stopped by Frederik Andersen with a rebound.
16:16 of 1st period - Jared Spurgeon is hit by Sean Monahan and loses puck.
17:20 of 1st period - Shot by Victor Olofsson.
17:20 of 1st period - Shot Blocked by Victor Hedman.
19:06 of 1st period - Sebastian Aho is hit by John Marino and loses puck.
19:17 of 1st period - Olli Maatta is hit by Cale Makar and loses puck.
Goals for this period are 0 for LAS VEGAS LIZARD KINGS vs 0 for SPOKANE KNIGHTS.
Shots for this period are 7 for LAS VEGAS LIZARD KINGS vs 4 for SPOKANE KNIGHTS.

2nd period


0:01 of 2nd period - Paul Stastny wins face-off versus Sean Monahan in neutral zone.
0:20 of 2nd period - Shot by Nino Niederreiter.
0:20 of 2nd period - Deflect By Sean Monahan.
0:20 of 2nd period - Stopped by Frederik Andersen without a rebound.
0:21 of 2nd period - Ryan Nugent-Hopkins wins face-off versus Matthew Tkachuk in SPOKANE KNIGHTS zone.
0:24 of 2nd period - Shot by Johnny Gaudreau.
0:24 of 2nd period - Stopped by Frederik Andersen without a rebound.
0:25 of 2nd period - Patrice Bergeron wins face-off versus Ryan Nugent-Hopkins in SPOKANE KNIGHTS zone.
0:36 of 2nd period - Shot by Johnny Gaudreau.
0:36 of 2nd period - Stopped by Frederik Andersen with a rebound.
1:22 of 2nd period - Icing by Brayden McNabb.
1:23 of 2nd period - Valeri Nichushkin wins face-off versus Ryan Nugent-Hopkins in LAS VEGAS LIZARD KINGS zone.
1:28 of 2nd period - Shot by Paul Stastny.
1:28 of 2nd period - Stopped by Marc-Andre Fleury without a rebound.
1:29 of 2nd period - Paul Stastny wins face-off versus Sean Monahan in LAS VEGAS LIZARD KINGS zone.
1:34 of 2nd period - Shot by Paul Stastny.
1:34 of 2nd period - Shot Misses the Net.
2:26 of 2nd period - Paul Stastny is hit by Olli Maatta and loses puck.
2:40 of 2nd period - Shot by Drake Caggiula.
2:40 of 2nd period - Stopped by Frederik Andersen with a rebound.
2:55 of 2nd period - Shot by Jeff Skinner.
2:55 of 2nd period - Shot Blocked by Cale Makar.
3:54 of 2nd period - Shot by Patrice Bergeron.
3:54 of 2nd period - Deflect By Bryan Rust.
3:54 of 2nd period - Stopped by Marc-Andre Fleury with a rebound.
4:04 of 2nd period - Shot by Victor Olofsson.
4:04 of 2nd period - Deflect By Ryan Nugent-Hopkins.
4:04 of 2nd period - Stopped by Frederik Andersen without a rebound.
4:05 of 2nd period - Sebastian Aho wins face-off versus Sean Monahan in SPOKANE KNIGHTS zone.
4:10 of 2nd period - Barclay Goodrow is hit by Patrick Kane and loses puck.
4:38 of 2nd period - Icing by Jordan Weal.
4:39 of 2nd period - Sebastian Aho wins face-off versus Victor Olofsson in SPOKANE KNIGHTS zone.
4:52 of 2nd period - Shot by Sebastian Aho.
4:52 of 2nd period - Shot Misses the Net.
6:02 of 2nd period - Icing by Nino Niederreiter.
6:03 of 2nd period - Paul Stastny wins face-off versus Sean Monahan in LAS VEGAS LIZARD KINGS zone.
6:06 of 2nd period - Shot by Valeri Nichushkin.
6:06 of 2nd period - Shot Misses the Net.
6:08 of 2nd period - Shot by Cale Makar.
6:08 of 2nd period - Shot Misses the Net.
6:10 of 2nd period - Shot by Nick Foligno.
6:10 of 2nd period - Stopped by Marc-Andre Fleury without a rebound.
6:11 of 2nd period - Evan Rodrigues wins face-off versus Sebastian Aho in LAS VEGAS LIZARD KINGS zone.
7:35 of 2nd period - Shot by Paul Stastny.
7:35 of 2nd period - Shot Blocked by Matt Roy.
7:37 of 2nd period - Shot by Duncan Keith.
7:37 of 2nd period - Stopped by Marc-Andre Fleury without a rebound.
7:38 of 2nd period - Patrice Bergeron wins face-off versus Sean Monahan in LAS VEGAS LIZARD KINGS zone.
7:38 of 2nd period - Patrice Bergeron is hit by John Marino.
8:44 of 2nd period - Shot by Ryan Nugent-Hopkins.
8:44 of 2nd period - Shot Misses the Net.
8:54 of 2nd period - Shot by Ryan Nugent-Hopkins.
8:54 of 2nd period - Stopped by Frederik Andersen without a rebound.
8:55 of 2nd period - Derek Ryan wins face-off versus Paul Stastny in SPOKANE KNIGHTS zone.
9:03 of 2nd period - Icing by Victor Hedman.
9:04 of 2nd period - Paul Stastny wins face-off versus Ryan Nugent-Hopkins in SPOKANE KNIGHTS zone.
9:15 of 2nd period - Shot by Paul Stastny.
9:15 of 2nd period - Stopped by Marc-Andre Fleury without a rebound.
9:16 of 2nd period - Jordan Weal wins face-off versus Sean Monahan in LAS VEGAS LIZARD KINGS zone.
9:16 of 2nd period - Jordan Weal is hit by Nick Leddy.
10:17 of 2nd period - Johnny Gaudreau is hit by Cale Makar and loses puck.
11:53 of 2nd period - Shot by Patrice Bergeron.
11:53 of 2nd period - Deflect By Bryan Rust.
11:53 of 2nd period - Shot Blocked by Derek Ryan.
12:36 of 2nd period - Icing by Roman Polak.
12:37 of 2nd period - Evan Rodrigues wins face-off versus Matthew Tkachuk in SPOKANE KNIGHTS zone.
12:48 of 2nd period - Evan Rodrigues is hit by Matthew Tkachuk and loses puck.
13:09 of 2nd period - Shot by Zemgus Girgensons.
13:09 of 2nd period - Stopped by Frederik Andersen without a rebound.
13:10 of 2nd period - Sean Monahan wins face-off versus Paul Stastny in SPOKANE KNIGHTS zone.
13:10 of 2nd period - Sean Monahan is hit by Cale Makar.
13:32 of 2nd period - Shot by Sean Monahan.
13:32 of 2nd period - Stopped by Frederik Andersen without a rebound.
13:33 of 2nd period - Ryan Nugent-Hopkins wins face-off versus Sebastian Aho in SPOKANE KNIGHTS zone.
13:34 of 2nd period - Shot by Johnny Gaudreau.
13:34 of 2nd period - Shot Misses the Net.
13:36 of 2nd period - Shot by Ryan Nugent-Hopkins.
13:36 of 2nd period - Goal by Ryan Nugent-Hopkins - LAS VEGAS LIZARD KINGS : 1 - SPOKANE KNIGHTS : 0.
13:37 of 2nd period - Ryan Nugent-Hopkins wins face-off versus Sebastian Aho in neutral zone.
13:46 of 2nd period - Shot by Ryan Nugent-Hopkins.
13:46 of 2nd period - Goal by Ryan Nugent-Hopkins - LAS VEGAS LIZARD KINGS : 2 - SPOKANE KNIGHTS : 0.
13:47 of 2nd period - Sean Monahan wins face-off versus Patrice Bergeron in neutral zone.
14:18 of 2nd period - Shot by Matthew Tkachuk.
14:18 of 2nd period - Stopped by Marc-Andre Fleury without a rebound.
14:19 of 2nd period - Ryan Nugent-Hopkins wins face-off versus Sebastian Aho in LAS VEGAS LIZARD KINGS zone.
14:26 of 2nd period - Duncan Keith is hit by Ryan Nugent-Hopkins and loses puck.
14:36 of 2nd period - Icing by Sebastian Aho.
14:37 of 2nd period - Sebastian Aho wins face-off versus Derek Ryan in SPOKANE KNIGHTS zone.
14:43 of 2nd period - Off-side.
14:44 of 2nd period - Paul Stastny wins face-off versus Sean Monahan in neutral zone.
15:08 of 2nd period - Shot by Sean Monahan.
15:08 of 2nd period - Stopped by Frederik Andersen without a rebound.
15:09 of 2nd period - Ryan Nugent-Hopkins wins face-off versus Sebastian Aho in SPOKANE KNIGHTS zone.
15:31 of 2nd period - Shot by Ryan Nugent-Hopkins.
15:31 of 2nd period - Stopped by Frederik Andersen without a rebound.
15:32 of 2nd period - Sean Monahan wins face-off versus Patrice Bergeron in SPOKANE KNIGHTS zone.
15:37 of 2nd period - Shot by Nino Niederreiter.
15:37 of 2nd period - Stopped by Frederik Andersen without a rebound.
15:38 of 2nd period - Sean Monahan wins face-off versus Patrice Bergeron in SPOKANE KNIGHTS zone.
16:08 of 2nd period - Minor Penalty to Matthew Tkachuk for Interference.
16:08 of 2nd period - Minor Penalty to Brayden McNabb for Roughing.
16:09 of 2nd period - Ryan Nugent-Hopkins wins face-off versus Paul Stastny in LAS VEGAS LIZARD KINGS zone.
16:22 of 2nd period - Shot by Johnny Gaudreau.
16:22 of 2nd period - Stopped by Frederik Andersen without a rebound.
16:23 of 2nd period - Ryan Nugent-Hopkins wins face-off versus Patrice Bergeron in SPOKANE KNIGHTS zone.
16:35 of 2nd period - Ryan Nugent-Hopkins is hit by Patrice Bergeron and loses puck.
16:40 of 2nd period - Shot by Patrice Bergeron.
16:40 of 2nd period - Stopped by Marc-Andre Fleury without a rebound.
16:41 of 2nd period - Paul Stastny wins face-off versus Ryan Nugent-Hopkins in LAS VEGAS LIZARD KINGS zone.
17:21 of 2nd period - Shot by Johnny Gaudreau.
17:21 of 2nd period - Stopped by Frederik Andersen without a rebound.
17:22 of 2nd period - Sean Monahan wins face-off versus Patrice Bergeron in SPOKANE KNIGHTS zone.
17:36 of 2nd period - Icing by Victor Hedman.
17:37 of 2nd period - Ryan Nugent-Hopkins wins face-off versus Patrice Bergeron in SPOKANE KNIGHTS zone.
18:09 of 2nd period - Minor Penalty to Nino Niederreiter for Hooking.
18:10 of 2nd period - Barclay Goodrow wins face-off versus Tyler Pitlick in LAS VEGAS LIZARD KINGS zone.
19:54 of 2nd period - Shot by Sebastian Aho.
19:54 of 2nd period - Stopped by Marc-Andre Fleury without a rebound.
19:55 of 2nd period - Barclay Goodrow wins face-off versus Tyler Pitlick in LAS VEGAS LIZARD KINGS zone.
Goals for this period are 2 for LAS VEGAS LIZARD KINGS vs 0 for SPOKANE KNIGHTS.
Shots for this period are 15 for LAS VEGAS LIZARD KINGS vs 8 for SPOKANE KNIGHTS.

3rd period


0:01 of 3rd period - Barclay Goodrow wins face-off versus Patrice Bergeron in neutral zone.
0:10 of 3rd period - Shot by Patrick Kane.
0:10 of 3rd period - Shot Misses the Net.
1:13 of 3rd period - Shot by Patrick Kane.
1:13 of 3rd period - Shot Misses the Net.
1:19 of 3rd period - Shot by Sebastian Aho.
1:19 of 3rd period - Shot Misses the Net.
1:21 of 3rd period - Shot by Jordan Weal.
1:21 of 3rd period - Shot Misses the Net.
1:23 of 3rd period - Shot by Duncan Keith.
1:23 of 3rd period - Stopped by Marc-Andre Fleury without a rebound.
1:24 of 3rd period - Patrice Bergeron wins face-off versus Sean Monahan in LAS VEGAS LIZARD KINGS zone.
2:36 of 3rd period - Icing by Roman Polak.
2:37 of 3rd period - Patrice Bergeron wins face-off versus Evan Rodrigues in SPOKANE KNIGHTS zone.
3:04 of 3rd period - Shot by Patrick Kane.
3:04 of 3rd period - Shot Blocked by Olli Maatta.
3:28 of 3rd period - Shot by Sebastian Aho.
3:28 of 3rd period - Stopped by Marc-Andre Fleury without a rebound.
3:29 of 3rd period - Ryan Nugent-Hopkins wins face-off versus Paul Stastny in LAS VEGAS LIZARD KINGS zone.
3:44 of 3rd period - Shot by Paul Stastny.
3:44 of 3rd period - Stopped by Marc-Andre Fleury without a rebound.
3:45 of 3rd period - Paul Stastny wins face-off versus Barclay Goodrow in LAS VEGAS LIZARD KINGS zone.
3:45 of 3rd period - Cale Makar is hit by Matt Niskanen and loses puck.
4:04 of 3rd period - Valeri Nichushkin is hit by Barclay Goodrow and loses puck.
4:11 of 3rd period - Shot by Barclay Goodrow.
4:11 of 3rd period - Shot Misses the Net.
4:34 of 3rd period - Cale Makar is hit by Brayden McNabb and loses puck.
4:35 of 3rd period - Minor Penalty to Brayden McNabb for Roughing.
4:36 of 3rd period - Patrice Bergeron wins face-off versus Barclay Goodrow in LAS VEGAS LIZARD KINGS zone.
4:47 of 3rd period - Shot by Patrice Bergeron.
4:47 of 3rd period - Stopped by Marc-Andre Fleury without a rebound.
4:48 of 3rd period - Patrice Bergeron wins face-off versus Barclay Goodrow in LAS VEGAS LIZARD KINGS zone.
4:51 of 3rd period - Shot by Sebastian Aho.
4:51 of 3rd period - Shot Misses the Net.
4:53 of 3rd period - Shot by Patrick Kane.
4:53 of 3rd period - Shot Misses the Net.
5:01 of 3rd period - Shot by Victor Hedman.
5:01 of 3rd period - Stopped by Marc-Andre Fleury without a rebound.
5:02 of 3rd period - Nino Niederreiter wins face-off versus Tyler Pitlick in LAS VEGAS LIZARD KINGS zone.
5:13 of 3rd period - Shot by Matthew Tkachuk.
5:13 of 3rd period - Shot Misses the Net.
5:15 of 3rd period - Shot by Matthew Tkachuk.
5:15 of 3rd period - Shot Misses the Net.
5:17 of 3rd period - Shot by Garnet Hathaway.
5:17 of 3rd period - Shot Blocked by Olli Maatta.
5:23 of 3rd period - Sebastian Aho is hit by Dylan Gambrell and loses puck.
5:31 of 3rd period - Off-side.
5:32 of 3rd period - Patrice Bergeron wins face-off versus Barclay Goodrow in neutral zone.
5:42 of 3rd period - Shot by Bryan Rust.
5:42 of 3rd period - Shot Blocked by Olli Maatta.
5:58 of 3rd period - Shot by Patrick Kane.
5:58 of 3rd period - Stopped by Marc-Andre Fleury without a rebound.
5:59 of 3rd period - Barclay Goodrow wins face-off versus Tyler Pitlick in LAS VEGAS LIZARD KINGS zone.
6:30 of 3rd period - Shot by Sebastian Aho.
6:30 of 3rd period - Shot Misses the Net.
6:32 of 3rd period - Shot by Sebastian Aho.
6:32 of 3rd period - Stopped by Marc-Andre Fleury without a rebound.
6:33 of 3rd period - Patrice Bergeron wins face-off versus Barclay Goodrow in LAS VEGAS LIZARD KINGS zone.
6:40 of 3rd period - Paul Stastny is hit by Nick Leddy and loses puck.
7:07 of 3rd period - Shot by Nick Foligno.
7:07 of 3rd period - Shot Misses the Net.
7:09 of 3rd period - Shot by Paul Stastny.
7:09 of 3rd period - Stopped by Marc-Andre Fleury with a rebound.
7:22 of 3rd period - Minor Penalty to Jared Spurgeon for Holding.
7:22 of 3rd period - Minor Penalty to Ryan Nugent-Hopkins for Holding.
7:23 of 3rd period - Patrice Bergeron wins face-off versus Sean Monahan in SPOKANE KNIGHTS zone.
7:30 of 3rd period - Shot by Sean Monahan.
7:30 of 3rd period - Stopped by Frederik Andersen without a rebound.
7:31 of 3rd period - Sean Monahan wins face-off versus Patrice Bergeron in SPOKANE KNIGHTS zone.
7:45 of 3rd period - Shot by Bryan Rust.
7:45 of 3rd period - Shot Misses the Net.
8:01 of 3rd period - Shot by Patrice Bergeron.
8:01 of 3rd period - Stopped by Marc-Andre Fleury with a rebound.
8:05 of 3rd period - Shot by Patrice Bergeron.
8:05 of 3rd period - Shot Misses the Net.
8:07 of 3rd period - Shot by Patrice Bergeron.
8:07 of 3rd period - Shot Misses the Net.
8:11 of 3rd period - Shot by Patrice Bergeron.
8:11 of 3rd period - Shot Misses the Net.
8:21 of 3rd period - Shot by Bryan Rust.
8:21 of 3rd period - Shot Misses the Net.
8:49 of 3rd period - Shot by Nino Niederreiter.
8:49 of 3rd period - Stopped by Frederik Andersen without a rebound.
8:50 of 3rd period - Paul Stastny wins face-off versus Barclay Goodrow in SPOKANE KNIGHTS zone.
9:24 of 3rd period - Shot by Jeff Skinner.
9:24 of 3rd period - Deflect By Drake Caggiula.
9:24 of 3rd period - Shot Misses the Net.
10:05 of 3rd period - Shot by Matthew Tkachuk.
10:05 of 3rd period - Stopped by Marc-Andre Fleury without a rebound.
10:06 of 3rd period - Paul Stastny wins face-off versus Evan Rodrigues in LAS VEGAS LIZARD KINGS zone.
10:07 of 3rd period - Shot by Nick Foligno.
10:07 of 3rd period - Stopped by Marc-Andre Fleury without a rebound.
10:08 of 3rd period - Sean Monahan wins face-off versus Patrick Kane in LAS VEGAS LIZARD KINGS zone.
10:14 of 3rd period - Duncan Keith is hit by John Marino and loses puck.
10:46 of 3rd period - Patrick Kane is hit by John Marino and loses puck.
10:56 of 3rd period - Jordan Weal is hit by Nick Leddy and loses puck.
11:27 of 3rd period - Minor Penalty to Nick Foligno for Hooking.
11:27 of 3rd period - Minor Penalty to Nino Niederreiter for Tripping.
11:28 of 3rd period - Patrice Bergeron wins face-off versus Ryan Nugent-Hopkins in neutral zone.
11:30 of 3rd period - Off-side.
11:31 of 3rd period - Patrice Bergeron wins face-off versus Johnny Gaudreau in neutral zone.
11:55 of 3rd period - Shot by Bryan Rust.
11:55 of 3rd period - Shot Misses the Net.
11:57 of 3rd period - Shot by Duncan Keith.
11:57 of 3rd period - Shot Blocked by Brayden McNabb.
13:10 of 3rd period - Shot by Sean Monahan.
13:10 of 3rd period - Stopped by Frederik Andersen without a rebound.
13:11 of 3rd period - Sean Monahan wins face-off versus Bryan Rust in SPOKANE KNIGHTS zone.
13:22 of 3rd period - Shot by Victor Hedman.
13:22 of 3rd period - Shot Blocked by John Marino.
13:35 of 3rd period - Olli Maatta is hit by Roman Polak and loses puck.
15:13 of 3rd period - Patrick Kane is hit by John Marino and loses puck.
15:21 of 3rd period - Barclay Goodrow is hit by Victor Hedman and loses puck.
15:47 of 3rd period - Shot by Sebastian Aho.
15:47 of 3rd period - Shot Misses the Net.
15:49 of 3rd period - Shot by Victor Hedman.
15:49 of 3rd period - Shot Misses the Net.
15:51 of 3rd period - Shot by Jordan Weal.
15:51 of 3rd period - Stopped by Marc-Andre Fleury without a rebound.
15:52 of 3rd period - Ryan Nugent-Hopkins wins face-off versus Paul Stastny in LAS VEGAS LIZARD KINGS zone.
16:03 of 3rd period - Shot by Johnny Gaudreau.
16:03 of 3rd period - Deflect By Victor Olofsson.
16:03 of 3rd period - Shot Blocked by Paul Stastny.
16:12 of 3rd period - Icing by Nick Foligno.
16:13 of 3rd period - Paul Stastny wins face-off versus Evan Rodrigues in SPOKANE KNIGHTS zone.
16:20 of 3rd period - Evan Rodrigues is hit by Tyler Pitlick and loses puck.
17:10 of 3rd period - Minor Penalty to Matthew Tkachuk for Interference.
17:11 of 3rd period - Jordan Weal wins face-off versus Sean Monahan in SPOKANE KNIGHTS zone.
17:45 of 3rd period - Johnny Gaudreau is hit by Valeri Nichushkin and loses puck.
Goals for this period are 0 for LAS VEGAS LIZARD KINGS vs 0 for SPOKANE KNIGHTS.
Shots for this period are 3 for LAS VEGAS LIZARD KINGS vs 12 for SPOKANE KNIGHTS.


SEBASTIAN
AHO
MARK
SCHEIFELE
JAKE
OETTINGER

EAST COAST

HOCKEY LEAGUE

  • 17.QUE3CHI2
  • 18.CHA2LIM4
  • 19.TRV3LON2
  • 20.CHW1BAL2
  • 21.PITMAN
  • 22.ATLNHW
  • 23.WORPET
  • 24.RHI